 Dungeon Crawl Stone Soup version 0.20-a0-1078-g4874019 (webtiles) character file.

5853 Leszczynek the Basher (level 10, 80/80 HPs)
             Began as a Gnoll Wanderer on Apr 30, 2017.
             Was an Elder of Cheibriados.
             Quit the game on level 1 of the Lair of Beasts.
             The game lasted 00:38:09 (11821 turns).

Leszczynek the Basher (Gnoll Wanderer)             Turns: 11821, Time: 00:38:10

Health: 80/80      AC: 13    Str: 22    XL:     10   Next: 81%
Magic:  15/15      EV: 15    Int: 24    God:    Cheibriados [****..]
Gold:   422        SH: 12    Dex: 22    Spells: 7/9 levels left

rFire    . . .     SeeInvis .   a - +1 flail
rCold    . . .     Gourm    +   O - +0 shield {rN+}
rNeg     + . .     Faith    .   F - +1 ring mail {rPois}
rPois    +         Spirit   .   (no helmet)
rElec    .         Reflect  .   q - +1 cloak {+Inv}
rCorr    .         Harm     .   (no gloves)
MR       +....                  (no boots)
Stlth    ++........             Q - amulet of the gourmand
Regen    0.3/turn               P - ring of protection from magic
MPRegen  0.2/turn               r - +5 ring of protection

@: very slow
A: short attention span, fangs 1, strong nose
a: Bend Time, Temporal Distortion, Slouch, Renounce Religion, Evoke Invisibility


You were on level 1 of the Lair of Beasts.
You worshipped Cheibriados.
Cheibriados was greatly pleased with you.
You were completely stuffed.

You visited 3 branches of the dungeon, and saw 12 of its levels.
You also visited: Sewer.

You collected 597 gold pieces.
You spent 175 gold pieces at shops.

Inventory:

Hand Weapons
 a - a +1 flail (weapon)
 b - a +0 blowgun
 m - a +0 mace
 x - a +1 dire flail of protection
 B - a +0 spear
 D - a +2 spear of piercing
 K - a +0 shortbow
Missiles
 i - 6 javelins (quivered)
 l - 5 tomahawks
 E - 57 poisoned needles
 L - 71 arrows
Armour
 k - a +0 buckler
 q - a +1 cloak of invisibility (worn)
 F - a +1 ring mail of poison resistance (worn)
 H - the +4 chain mail of Inevitability {MR++ rCorr}
   (You found it on level 8 of the Dungeon)

   It affects your resistance to hostile enchantments.
   It protects you from acid and corrosion.
 O - a +0 shield of positive energy (worn)
Jewellery
 e - an uncursed ring of protection from cold
 r - a +5 ring of protection (right hand)
 t - an uncursed ring of fire
 P - a ring of protection from magic (left hand)
 Q - an amulet of the gourmand (around neck)
Wands
 h - a wand of paralysis (4/24)
 N - a wand of confusion (11/48)
 R - a wand of flame (13/48)
 T - a wand of iceblast (4/15)
Scrolls
 j - 5 scrolls of teleportation
 u - 5 scrolls of remove curse {@r2}
 w - a scroll of identify {@r1}
 z - 2 scrolls of blinking
 G - 3 scrolls of magic mapping
 I - a scroll of enchant weapon
 J - a scroll of enchant armour
 M - 2 scrolls of fog
Potions
 c - 3 potions of lignification {!q}
 g - 2 potions of haste {unknown}
 n - 5 potions of curing {@q1}
 p - a potion of magic {unknown}
 s - 3 potions of might
 v - a potion of cancellation {unknown}
 A - 2 potions of resistance
 C - a potion of flight {unknown}
Books
 y - a book of Minor Magic

   Spells                             Type                      Level
   a - Magic Dart                     Conjuration                  1
   b - Blink                          Translocation                2
   c - Call Imp                       Summoning                    2
   d - Slow                           Hexes                        2
   e - Conjure Flame                  Conjuration/Fire             3
   f - Mephitic Cloud                 Conjuration/Poison/Air       3
Miscellaneous
 V - a lamp of fire
Comestibles
 d - 10 bread rations
 f - 7 fruits
 o - 4 meat rations
 S - a royal jelly


   Skills:
 - Level 8.1 Fighting
 * Level 9.8 Maces & Flails
 - Level 7.6 Polearms
 - Level 3.4 Throwing
 - Level 7.1 Dodging
 - Level 2.6 Stealth
 - Level 7.3 Shields
 - Level 1.5 Unarmed Combat
 + Level 4.9 Translocations
 - Level 7.1 Invocations
 - Level 7.0 Evocations


You had 7 spell levels left.
You knew the following spells:

 Your Spells              Type           Power        Failure   Level  Hunger
B - Blink                 Tloc           N/A          13%         2    ###....


Dungeon Overview and Level Annotations

Branches:
Dungeon (10/15)            Temple (1/1) D:5            Lair (1/6) D:8
    Orc: D:9-12

Altars:
Ashenzari
Cheibriados
Dithmenos
Elyvilon
Fedhas
Gozag
Hepliaklqana
Kikubaaqudgha
Makhleb
Nemelex Xobeh
Okawaru
Qazlal
Ru
Trog
Uskayaw
Vehumet
Wu Jian
Xom
Yredelemnul
Zin
The Shining One

Shops:
D:5 :   D:9 ?

Annotations:
D:2 Sigmund
D:3 orc p
D:4 Dowan; Duvessa; Menkaure
D:6 Prince Ribbit
D:7 1 runed door
D:8 exclusions: 3 killer bees and scorpion
Lair:1 Erica


Innate Abilities, Weirdness & Mutations

You have a short attention span.
You have very sharp teeth.
Your uncanny sense of smell can sniff out nearby items.


Message History

You feel an oppressive heat about you.
There is an entrance to a volcano on this level.
Hurry and find it before the entrance collapses!
Erica the Fiery-Tempered comes into view.
She is wielding a scimitar of flaming.
Erica shouts!
Found a club.
There is a staircase back to the Dungeon here.
Unknown command.
Press: ? - help, v - describe, . - travel
Here: Erica, wielding a scimitar of flaming and wearing a glowing robe The floor.
Unknown command.
Unknown command.
Save game and exit?
You feel an oppressive heat about you.
There is an entrance to a volcano on this level.
Hurry and find it before the entrance collapses!
Level annotation: Erica Welcome back, Leszczynek the Gnoll Wanderer.
Cheibriados says: Take it easy.
Press ? for a list of commands and other information.
Are you sure you want to abandon this character and quit the game? (Confirm with "yes".)

#. ## ∆
##...###.##@#..
.......@.......
.....#.........
... #)........
. #####.#### ##


You could see Erica.

Vanquished Creatures
  A two-headed ogre (D:10)
  4 trolls
  A hornet (D:7)
  3 yaks (D:10)
  2 hungry ghosts (D:9)
  The ghost of Armakuni the Spear-Bearer, an amateur MfGl (D:3)
  Edmund (D:6)
  An orc warrior (D:9)
  A sky beast (D:10)
  3 ogres
  2 phantoms
  3 centaurs
  A big kobold (D:9)
  5 bullfrogs
  A gnoll sergeant (D:10)
  5 killer bees (D:10)
  6 wights
  2 crimson imps
  7 hounds
  7 orc priests
  Crazy Yiuf (D:4)
  3 jellies
  12 orc wizards
  Jessica (D:2)
  An iguana (D:7)
  8 worker ants
  A killer bee zombie (D:9)
  A worker ant zombie (D:9)
  10 adders
  3 gnolls (D:4)
  2 river rats (D:3)
  3 shadow imps
  An ooze (D:1)
  6 worms
  9 leopard geckos
  34 orcs
  6 bats
  10 giant cockroaches
  7 goblins
  6 hobgoblins
  11 jackals
  18 kobolds
  4 quokkas
  5 ball pythons (Sewer)
  10 frilled lizards
  10 rats
240 creatures vanquished.

Vanquished Creatures (others)
  An adder (D:3)
1 creature vanquished.

Grand Total: 241 creatures vanquished

Notes
Turn   | Place    | Note
-------+----------+-------------------------------------------
     0 | D:1      | Leszczynek the Gnoll Wanderer began the quest for the Orb.
     0 | D:1      | Leszczynek set off with: a +2 leather armour, a potion of lignification {!q}, a +0 spear, a bread ration, a +0 dagger
     0 | D:1      | Reached XP level 1. HP: 18/18 MP: 2/2
     0 | D:1      | time for this shit again
     0 | D:1      | before they nerf it
     0 | D:1      | 10/14/12 (3/6/3)
     0 | D:1      | ah yes, the int start with no spells
     0 | D:1      | k, let's go with polearms for now
   142 | D:1      | Reached skill level 2 in Polearms
   281 | D:1      | Reached skill level 3 in Polearms
   281 | D:1      | Reached XP level 2. HP: 24/24 MP: 3/3
   544 | D:1      | Reached skill level 4 in Polearms
   555 | D:1      | Reached XP level 3. HP: 25/29 MP: 4/4
   810 | D:2      | Noticed Sigmund
   846 | D:2      | Found a blossoming altar of Fedhas.
   909 | D:2      | Reached skill level 5 in Polearms
   935 | D:2      | Noticed Jessica
   949 | D:2      | Killed Jessica
   949 | D:2      | Reached XP level 4. HP: 29/35 MP: 5/5
   952 | D:2      | Found a snail-covered altar of Cheibriados.
  1040 | D:2      | Reached skill level 6 in Polearms
  1254 | D:3      | Learned a level 2 spell: Blink
  1340 | D:3      | Reached XP level 5. HP: 34/41 MP: 6/6
  1383 | D:3      | Reached skill level 7 in Polearms
  1450 | D:3      | Found a glowing drain.
  1454 | Sewer    | Entered a sewer
  1763 | D:3      | Noticed Armakuni's ghost (amateur MfGl)
  2242 | D:3      | Reached skill level 1 in Throwing
  2630 | D:4      | Noticed Menkaure
  2764 | D:4      | Reached skill level 1 in Maces & Flails
  2764 | D:4      | Reached skill level 2 in Throwing
  2764 | D:4      | Reached XP level 6. HP: 42/47 MP: 7/7
  2853 | D:5      | Entered Level 5 of the Dungeon
  2853 | D:5      | Found a shattered altar of Ashenzari.
  2871 | D:4      | Reached skill level 3 in Throwing
  2938 | D:4      | Noticed Duvessa
  2959 | D:4      | Reached skill level 2 in Maces & Flails
  3058 | D:5      | Found a staircase to the Ecumenical Temple.
  3083 | Temple   | Entered the Ecumenical Temple
  3179 | D:5      | Found Piygiann's Book Shop.
  3179 | D:5      | Noticed a phantom
  3236 | D:5      | Killed a phantom
  3236 | D:5      | Reached skill level 3 in Maces & Flails
  3236 | D:5      | Reached skill level 1 in Shields
  3266 | D:5      | Reached skill level 2 in Shields
  3283 | D:5      | Reached skill level 4 in Maces & Flails
  3283 | D:5      | Reached XP level 7. HP: 30/52 MP: 8/8
  3587 | D:5      | Reached skill level 5 in Maces & Flails
  3587 | D:5      | Reached skill level 3 in Shields
  3812 | Temple   | Became a worshipper of Cheibriados the Contemplative
  3871 | D:5      | ok, with chei i'm exploring everything
  3909 | D:5      | Found a shimmering altar of Xom.
  3909 | D:5      | Found a burning altar of Makhleb.
  3928 | D:5      | Reached skill level 6 in Maces & Flails
  4076 | D:5      | Found a white marble altar of Elyvilon.
  4374 | D:5      | Reached skill level 4 in Shields
  4565 | D:4      | Found a runed door.
  4569 | D:4      | Noticed Crazy Yiuf
  4589 | D:4      | Killed Crazy Yiuf
  4816 | D:4      | Noticed Dowan
  5000 | D:4      | Reached skill level 7 in Maces & Flails
  5042 | D:3      | Killed Armakuni's ghost
  5042 | D:3      | Reached XP level 8. HP: 55/58 MP: 9/9
  5542 | D:2      | Reached skill level 8 in Maces & Flails
  5986 | D:6      | Noticed Prince Ribbit
  6011 | D:6      | Reached skill level 4 in Fighting
  6029 | D:6      | Found a hide-covered altar of Uskayaw.
  6031 | D:6      | Noticed a hand axe
  6031 | D:6      | Noticed a dagger
  6079 | D:6      | Reached * piety under Cheibriados
  6099 | D:6      | Reached skill level 5 in Fighting
  6319 | D:6      | Reached skill level 1 in Invocations
  6347 | D:6      | Found a bloodstained altar of Trog.
  6354 | D:6      | Found an iron altar of Okawaru.
  6503 | D:6      | Reached skill level 2 in Invocations
  6538 | D:6      | Noticed Edmund
  6542 | D:6      | Reached skill level 4 in Invocations
  6559 | D:6      | Killed Edmund
  6559 | D:6      | Reached skill level 5 in Invocations
  6871 | D:6      | Reached skill level 6 in Invocations
  7068 | D:7      | Found a shimmering altar of Xom.
  7164 | D:7      | Noticed a hornet
  7220 | D:7      | Found a runed door.
  7220 | D:7      | Noticed a sixfirhy
  7232 | D:7      | Reached skill level 7 in Invocations
  7253 | D:7      | Found a shadowy altar of Dithmenos.
  7459 | D:7      | Reached XP level 9. HP: 63/68 MP: 14/14
  7505 | D:7      | Found a sparkling altar of Nemelex Xobeh.
  7506 | D:7      | Found an opulent altar of Gozag.
  7622 | D:7      | Killed a hornet
  7622 | D:7      | Reached skill level 5 in Dodging
  7786 | D:7      | Reached skill level 6 in Fighting
  7854 | D:7      | Reached ** piety under Cheibriados
  8325 | D:8      | Got a spiked chain mail
  8336 | D:8      | Identified the +4 chain mail of Inevitability {MR++ rCorr} (You found it on level 8 of the Dungeon)
  8483 | D:8      | Found a staircase to the Lair.
  8544 | D:8      | Reached skill level 9 in Maces & Flails
  8911 | D:9      | Found an ancient bone altar of Kikubaaqudgha.
  8953 | D:9      | Reached skill level 6 in Dodging
  9232 | D:9      | Reached skill level 1 in Translocations
  9298 | D:9      | Reached skill level 2 in Translocations
  9376 | D:9      | Reached skill level 3 in Translocations
  9432 | D:9      | Reached skill level 4 in Translocations
  9480 | D:9      | Reached skill level 7 in Fighting
  9485 | D:9      | HP: 10/72 [orc wizard/magic dart (9)]
  9743 | D:9      | Found Pophof's Magic Scroll Boutique.
  9746 | D:9      | Bought a scroll of noise for 14 gold pieces
  9747 | D:9      | Bought a scroll of identify for 28 gold pieces
  9747 | D:9      | Bought a scroll of identify for 28 gold pieces
  9747 | D:9      | Bought a scroll of magic mapping for 49 gold pieces
  9747 | D:9      | Bought a scroll of identify for 28 gold pieces
  9747 | D:9      | Bought a scroll of identify for 28 gold pieces
  9843 | D:9      | Noticed a troll
  9869 | D:9      | Killed a troll
  9869 | D:9      | Reached skill level 8 in Fighting
  9907 | D:9      | Reached skill level 2 in Evocations
  9907 | D:9      | Reached XP level 10. HP: 72/80 MP: 15/15
 10037 | D:9      | Reached skill level 3 in Evocations
 10126 | D:9      | Reached skill level 4 in Evocations
 10198 | D:10     | Entered Level 10 of the Dungeon
 10222 | D:10     | Reached *** piety under Cheibriados
 10256 | D:10     | Reached skill level 5 in Evocations
 10338 | D:10     | Reached skill level 6 in Evocations
 10351 | D:10     | Reached skill level 7 in Evocations
 10502 | D:10     | Reached skill level 7 in Dodging
 10685 | D:10     | Noticed a two-headed ogre
 10702 | D:10     | Reached skill level 5 in Shields
 10723 | D:10     | Killed a two-headed ogre
 10723 | D:10     | Reached skill level 7 in Shields
 11195 | D:10     | Reached **** piety under Cheibriados
 11820 | Lair:1   | Entered Level 1 of the Lair of Beasts
 11820 | Lair:1   | Noticed Erica
 11821 | Lair:1   | Quit the game

Vault maps used:
D:1:      dpeg_arrival_lava_temple_mockup
D:2:      wad_woods_stonehenge, fedhas_altar_1, first_bread, uniq_sigmund,
          uniq_jessica
D:3:      lightli_sewer_entry_pipes
D:4:      tgw_sif, nicolae_tso_swordbearing_angel, uniq_duvessa, uniq_menkaure,
          uniq_crazy_yiuf_cottage
D:5:      grunt_temple_overflow_champion_of_chaos, ashenzari_altar_1,
          kennysheep_mini_moat, minmay_temple_entry_statues_fountains,
          serial_shops, nicolae_shop_temple_entry_statues_fountains
D:6:      grunt_temple_overflow_bloody_war, dancing_weapons_uskayaw,
          uniq_edmund, uniq_prince_ribbit1
D:7:      cheibrodos_shockbox, grunt_temple_overflow_opulence,
          nicolae_dithmenos_the_darkroom, basic_altar
D:8:      lair_entry_dummy
D:9:      lemuel_doored_altar, serial_shops, nicolae_shop_behind_doors
D:10:     kennysheep_generic_room_13
Temple:   kb_temple_of_zot
Lair:1:   nicolae_volcano_entry_lava_flow, uniq_erica
Sewer:    sewer_frog_island_01

Skill      XL: |  1  2  3  4  5  6  7  8  9 10 |
---------------+-------------------------------+-----
Polearms       | 3 4 5 6 7 |  7.6
Throwing       | 2 3 |  3.4
Maces & Flails | 1 4 7 8 9 |  9.8
Shields        | 2 4 7 |  7.3
Fighting       | 5 8 |  8.1
Invocations    | 7 |  7.1
Dodging        | 6 7 |  7.1
Translocations | 4 |  4.9
Evocations     | 2 7 |  7.0
Stealth        | |  2.6
Unarmed Combat | |  1.5

Action                   |  1- 3 |  4- 6 |  7- 9 | 10-12 || total
-------------------------+-------+-------+-------+-------++-------
Melee: Spear             |   146 |   440 |   157 |       ||   743
       Bite              |    13 |    33 |    61 |    39 ||   146
       Punch             |     1 |     2 |       |       ||     3
       Mace              |       |       |    17 |       ||    17
       Flail             |       |       |   336 |   202 ||   538
 Fire: Blowgun           |       |       |     7 |       ||     7
Throw: Javelin           |       |       |     1 |       ||     1
Invok: Bend Time         |       |       |     2 |     2 ||     4
 Abil: Evoke Invisibilit |       |       |       |     1 ||     1
Evoke: Wand              |       |       |    20 |     4 ||    24
  Use: Scroll            |       |     7 |    11 |     1 ||    19
       Potion            |       |     1 |     2 |       ||     3
 Stab: Sleeping          |     3 |     2 |     3 |     2 ||    10
       Paralysed         |       |       |    29 |     2 ||    31
       Distracted        |       |       |     1 |       ||     1
       Confused          |       |       |     1 |     4 ||     5
       Invisible         |       |       |       |     5 ||     5
  Eat: Chunk             |       |     9 |    16 |    12 ||    37
       Royal jelly       |       |       |     1 |       ||     1
       Fruit             |       |       |     4 |       ||     4
       Bread ration      |       |       |     1 |       ||     1
Armor: Ring mail         |    48 |    82 |   175 |    62 ||   367
       Leather armour    |       |    16 |       |       ||    16
       Skin              |       |    25 |     8 |       ||    33
Dodge: Dodged            |    78 |   173 |   214 |   124 ||   589
Block: Buckler           |       |       |    98 |    23 ||   121
       Shield            |       |       |       |    89 ||    89
